 Dungeon Crawl Stone Soup version 0.31-a0-152-g6aa68a64a1 (webtiles) character file.

Game seed: 201016618835304053

7939 qw the Cleaver (level 11, -4/68 HPs)
             Began as a Gargoyle Fighter on June 10, 2023.
             Was an Elder of Okawaru.
             Slain by Gastronok (28 damage)
             ... on level 8 of the Dungeon.
             The game lasted 00:04:06 (7383 turns).

qw the Cleaver (Gargoyle Fighter)                   Turns: 7383, Time: 00:04:07

Health: -4/68      AC: 23    Str: 24    XL:     11   Next: 23%
Magic:  14/15      EV: 12    Int:  9    God:    Okawaru [****..]
Gold:   533        SH:  7    Dex: 15    Spells: 10/10 levels left

rFire   + . .        Y - +0 war axe (chaos)
rCold   . . .        c - +0 buckler
rNeg    + . .        a - +0 chain mail
rPois   inf          i - +0 helmet
rElec   +            (no cloak)
rCorr   .            j - +0 pair of gloves
SInv    .            (no boots)
Will    .....        (no amulet) Stlth
                     f - +6 ring of dexterity
HPRegen 0.31/turn    h - ring of protection from fire
MPRegen 0.14/turn

%: no passive effects
@: heroic
A: sickness immunity, AC +8, negative energy resistance 1, electricity
resistance, torment resistance 1, petrification resistance
a: Renounce Religion, Heroism, Finesse


You were on level 8 of the Dungeon.
You worshipped Okawaru.
Okawaru was greatly pleased with you.
You visited 1 branch of the dungeon, and saw 8 of its levels.

You collected 533 gold pieces.


Innate Abilities, Weirdness & Mutations

You are immune to sickness and miasma.
Your stone body is resilient. (AC +8)
You are immune to poison.
You resist negative energy. (rN+)
You are resistant to electric shocks. (rElec)
You are resistant to unholy torment.
You are immune to petrification.


   Skills:
 + Level 8.3(13.3) Fighting
 - Level 11.4(16.4) Axes
 - Level 1.5(6.5) Throwing
 - Level 6.5(11.5) Armour
 - Level 3.0(8.0) Dodging
 - Level 5.9(10.9) Shields
 + Level 5.5 Invocations


You had 10 spell levels left.
You didn't know any spells.
Your spell library was empty.

Inventory:

Hand Weapons
 b - a +0 flail
 Y - a +0 war axe of chaos (weapon)
Missiles
 n - 9 boomerangs
Armour
 a - a +0 chain mail (worn)
 c - a +0 buckler (worn)
 i - a +0 helmet (worn)
 j - a +0 pair of gloves (worn)
Jewellery
 f - a +6 ring of dexterity (left hand)
 h - a ring of protection from fire (right hand)
Scrolls
 o - a scroll of identify
 q - a scroll of teleportation
Potions
 d - 2 potions of might
 e - a potion of curing
 g - a potion of resistance
 k - a potion of degeneration {unknown}
 l - a potion of magic {unknown}
 m - a potion of cancellation
 p - 2 potions of attraction

Dungeon Overview and Level Annotations

Branches:
Dungeon (8/15)             Temple (0/1) D:7            Lair (0/5) D:8

Altars:
Nemelex Xobeh
Okawaru
Sif Muna
Xom
The Shining One

Shops:
D:1 =

Annotations:
D:7 1 runed translucent door, Crazy Yiuf
D:8 Gastronok


Message History

Enter note:
Enter note:
Enter note:
Enter note:
Enter note:
Enter note: You start waiting.
Gastronok is nearby!
7370 ||| INVOKING Heroism.
You gain the combat prowess of a mighty hero.
You slash Gastronok!
Gastronok is poisoned.
Gastronok is lightly wounded.
You hit Gastronok.
Gastronok is lightly wounded.
You hit Gastronok.
Gastronok is lightly wounded.
Gastronok bites you but does no damage.
You slash Gastronok!
Gastronok is moderately wounded.
You hit Gastronok. You burn Gastronok.
Gastronok is moderately wounded.
You slice Gastronok!!
Gastronok is moderately wounded.
Gastronok bites you but does no damage.
You slash Gastronok!
Gastronok suddenly seems more agile.
Gastronok is heavily wounded.
You barely miss Gastronok.
Gastronok is heavily wounded.
Gastronok bites you!!
You hit Gastronok but do no damage.
Gastronok is heavily wounded.
You hit Gastronok but do no damage.
Gastronok goes berserk!
Gastronok is heavily wounded.
Gastronok bites you!!
You closely miss Gastronok.
Gastronok is heavily wounded.
You barely miss Gastronok.
Gastronok is heavily wounded.
Gastronok bites you!!
You die...

.##...## #............ #.#...####
.#.#.#.###...........#.#..%%.....
.)...............#.......#...#.#.
.#.#.#.##.....#...#..............
###...#####..##.>..#.....#####.##
# ##.## #.#...#.........# #... #
#.# #..............# #### # #.#
#..............# # #.#
#.###...@......####### #
#.####..###.#w..#####.....# #
#.......# #...### #.###.#### #
###.....# #.### #.# #..... #
#.##### #.# #.###.#### ######.#
#.# #.....# ....##.# #.# ###.###
###.##># #w# ########.# ##.##>#
#.. .........#


You could see Gastronok (berserk, agile, very poisoned).

Vanquished Creatures
  Erica (D:8)
  3 death yaks (D:8)
  Pikel (D:8)
  A manticore (D:8)
  A komodo dragon (D:8)
  Grinder (D:4)
  A spriggan (shapeshifter) (D:5)
  8 yaks
  2 water moccasins
  3 sky beasts
  3 orc warriors
  A black bear (D:6)
  3 ogres
  2 centaurs
  4 lemures (D:8)
  3 phantoms (D:5)
  A bullfrog (D:6)
  5 scorpions (D:5)
  4 killer bees (D:7)
  An electric eel (D:6)
  A howler monkey (D:7)
  A jelly (D:7)
  4 hounds
  2 gnoll boudas (D:5)
  3 iguanas (D:6)
  4 orc priests
  Jessica (D:3)
  5 orc wizards
  2 sleepcaps
  7 gnolls
  11 adders
  A shadow imp (D:6)
  2 white imps (D:6)
  An ufetubus (D:6)
  3 worms
  3 dart slugs
  39 orcs
  6 ball pythons
  6 endoplasms
  6 giant cockroaches
  13 goblins
  4 hobgoblins
  4 jackals (D:5)
  3 kobolds
  A quokka (D:2)
  5 bats
  3 frilled lizards (D:1)
  5 rats
195 creatures vanquished.

Vanquished Creatures (others)
  A jackal zombie (D:5)
1 creature vanquished.

Grand Total: 196 creatures vanquished

Notes
Turn   | Place    | Note
-------+----------+-------------------------------------------
     0 | D:1      | qw the Gargoyle Fighter began the quest for the Orb.
     0 | D:1      | Reached XP level 1. HP: 14/14 MP: 1/1
     0 | D:1      | 0 ||| qw: Version: 0.2-a-29-g767f381
     0 | D:1      | 0 ||| qw: Game counter: 3874
     0 | D:1      | 0 ||| qw: Always use a shield: true
     0 | D:1      | 0 ||| qw: God list: Okawaru
     0 | D:1      | 0 ||| qw: Allow faded altars: false
     0 | D:1      | 0 ||| qw: Do Orc after D:15 true
     0 | D:1      | 0 ||| qw: Do second Lair branch before Depths: true
     0 | D:1      | 0 ||| qw: Lair rune preference: random
     0 | D:1      | 0 ||| qw: Plans: Normal, Zot:1-4, Slime:5, God:TSO, Crypt,
                  | Tomb, Abyss, Pan, Hells, Win
     0 | D:1      | 0 ||| PLANNING D:1-11
    74 | D:1      | Reached skill level 2 in Axes
   115 | D:1      | 115 ||| Stepping ~*~*~tactically~*~*~ (stealth).
   145 | D:1      | Found a faded altar of an unknown god.
   148 | D:1      | 148 ||| Stepping ~*~*~tactically~*~*~ (stealth).
   153 | D:1      | Reached XP level 2. HP: 19/19 MP: 2/2
   153 | D:1      | 153 ||| Stepping ~*~*~tactically~*~*~ (stealth).
   248 | D:1      | Found Kodid's One-of-a-Kind Rings.
   256 | D:1      | 256 ||| Stepping ~*~*~tactically~*~*~ (stealth).
   257 | D:1      | 257 ||| Stepping ~*~*~tactically~*~*~ (stealth).
   263 | D:1      | 263 ||| SHOPLISTING +2 ring of protection (100 gold, have
                  | 30).
   263 | D:1      | 263 ||| SHOPLISTING +8 ring of slaying (2000 gold, have
                  | 30).
   263 | D:1      | 263 ||| SHOPLISTING +8 ring of strength (550 gold, have
                  | 30).
   263 | D:1      | 263 ||| SHOPLISTING ring of Awotyrao {Fly rPois MP-9 AC+4
                  | SInv} (360 gold, have 30).
   263 | D:1      | 263 ||| SHOPLISTING ring of Fatigue {Fire rN+ Slay+4} (530
                  | gold, have 30).
   453 | D:1      | 453 ||| DROPPING +0 whip.
   492 | D:1      | Reached skill level 3 in Axes
   618 | D:1      | Reached XP level 3. HP: 15/23 MP: 3/3
   827 | D:1      | 827 ||| UPGRADING to +0 helmet.
   832 | D:1      | 832 ||| UPGRADING to +6 ring of dexterity.
   833 | D:1      | 833 ||| READING scroll labelled WEF OTTEODWIO.
   834 | D:1      | 834 ||| READING 3 scrolls labelled PUSKEK HOF.
   835 | D:1      | 835 ||| DROPPING 2 scrolls of amnesia.
  1112 | D:2      | Reached skill level 1 in Dodging
  1272 | D:2      | Reached XP level 4. HP: 24/28 MP: 4/4
  1274 | D:2      | 1274 ||| FLEEEEING.
  1275 | D:2      | 1275 ||| FLEEEEING.
  1276 | D:2      | 1276 ||| FLEEEEING.
  1473 | D:2      | You fall into a shaft and drop 1 floor!
  1499 | D:3      | Reached skill level 4 in Axes
  1544 | D:3      | 1544 ||| READING scroll labelled XESOUH QIESKAI.
  1545 | D:3      | 1545 ||| READING scroll labelled EHEURCH URUE.
  1546 | D:3      | 1546 ||| READING scroll labelled JAHOTZATERR.
  1561 | D:3      | 1561 ||| FLEEEEING.
  1562 | D:3      | 1562 ||| FLEEEEING.
  1566 | D:3      | 1566 ||| STAIRDANCE
  1860 | D:2      | 1860 ||| READING scroll labelled BIOQYUROCU.
  1863 | D:2      | 1863 ||| READING scroll labelled OGOOCASINO.
  1864 | D:2      | 1864 ||| DRINKING 2 fuming silvery potions.
  1865 | D:2      | 1865 ||| DROPPING potion of enlightenment.
  1899 | D:3      | Reached XP level 5. HP: 32/32 MP: 5/5
  1955 | D:3      | Noticed Jessica
  1956 | D:3      | 1956 ||| Stepping ~*~*~tactically~*~*~ (stealth).
  1957 | D:3      | 1957 ||| Stepping ~*~*~tactically~*~*~ (stealth).
  1967 | D:3      | Killed Jessica
  2204 | D:3      | 2204 ||| Stepping ~*~*~tactically~*~*~ (stealth).
  2327 | D:3      | 2327 ||| Stepping ~*~*~tactically~*~*~ (stealth).
  2331 | D:3      | 2331 ||| Stepping ~*~*~tactically~*~*~ (hiding).
  2347 | D:3      | Reached skill level 5 in Axes
  2358 | D:3      | 2358 ||| FLEEEEING.
  2359 | D:3      | 2359 ||| FLEEEEING.
  2360 | D:3      | 2360 ||| FLEEEEING.
  2361 | D:3      | 2361 ||| FLEEEEING.
  2362 | D:3      | 2362 ||| FLEEEEING.
  2363 | D:3      | 2363 ||| FLEEEEING.
  2364 | D:3      | 2364 ||| FLEEEEING.
  2365 | D:3      | 2365 ||| FLEEEEING.
  2366 | D:3      | 2366 ||| FLEEEEING.
  2367 | D:3      | 2367 ||| FLEEEEING.
  2368 | D:3      | 2368 ||| FLEEEEING.
  2369 | D:3      | 2369 ||| FLEEEEING.
  2370 | D:3      | 2370 ||| FLEEEEING.
  2371 | D:3      | 2371 ||| STAIRDANCE
  2389 | D:2      | 2389 ||| UPGRADING to +0 chain mail.
  2399 | D:2      | 2399 ||| DROPPING +0 scale mail.
  2400 | D:2      | 2400 ||| DROPPING ring of magical power.
  2401 | D:2      | 2401 ||| READING scroll labelled ZATISOQO ODUDD.
  2502 | D:2      | 2502 ||| DRINKING 2 sedimented puce potions.
  2530 | D:3      | 2530 ||| DROPPING +0 mace.
  2606 | D:4      | 2606 ||| Stepping ~*~*~tactically~*~*~ (hiding).
  2609 | D:4      | 2609 ||| Stepping ~*~*~tactically~*~*~ (hiding).
  2746 | D:4      | Reached XP level 6. HP: 22/38 MP: 6/6
  2853 | D:4      | Found a sparkling altar of Nemelex Xobeh.
  2888 | D:4      | Noticed Grinder
  2889 | D:4      | 2889 ||| Stepping ~*~*~tactically~*~*~ (hiding).
  2890 | D:4      | 2890 ||| Stepping ~*~*~tactically~*~*~ (hiding).
  2894 | D:4      | 2894 ||| Stepping ~*~*~tactically~*~*~ (hiding).
  2897 | D:4      | 2897 ||| Stepping ~*~*~tactically~*~*~ (hiding).
  2900 | D:4      | 2900 ||| Stepping ~*~*~tactically~*~*~ (hiding).
  2901 | D:4      | 2901 ||| Stepping ~*~*~tactically~*~*~ (hiding).
  2902 | D:4      | 2902 ||| Stepping ~*~*~tactically~*~*~ (hiding).
  2904 | D:4      | Paralysed by Grinder for 2 turns
  2913 | D:4      | Killed Grinder
  2914 | D:4      | Reached skill level 6 in Axes
  2914 | D:4      | Reached XP level 7. HP: 43/43 MP: 7/7
  2928 | D:4      | Found a shimmering blue altar of Sif Muna.
  3264 | D:4      | 3264 ||| UPGRADING to +0 pair of gloves.
  3269 | D:4      | 3269 ||| READING scroll labelled WAPROX AL ZOQUABBE.
  3270 | D:4      | 3270 ||| READING scroll labelled MUQITS NABLI.
  3271 | D:4      | 3271 ||| READING 2 scrolls of identify.
  3271 | D:4      | 3271 ||| IDENTIFYING murky black potion
  3303 | D:5      | Entered Level 5 of the Dungeon
  3336 | D:5      | a hound changed into a shapeshifter
  3336 | D:5      | Noticed a shapeshifter (shapeshifter)
  3336 | D:5      | a shapeshifter changed into a spriggan
  3336 | D:5      | Noticed a spriggan (shapeshifter)
  3344 | D:5      | Killed a spriggan
  3350 | D:5      | Reached skill level 7 in Axes
  3376 | D:5      | 3376 ||| FLEEEEING.
  3377 | D:5      | 3377 ||| FLEEEEING.
  3378 | D:5      | 3378 ||| FLEEEEING.
  3379 | D:5      | 3379 ||| FLEEEEING.
  3380 | D:5      | 3380 ||| FLEEEEING.
  3381 | D:5      | 3381 ||| FLEEEEING.
  3382 | D:5      | 3382 ||| STAIRDANCE
  3430 | D:5      | 3430 ||| STAIRDANCE
  3653 | D:5      | Reached skill level 1 in Throwing
  3653 | D:5      | Reached XP level 8. HP: 38/49 MP: 8/8
  3987 | D:5      | Found a shimmering altar of Xom.
  3991 | D:5      | Found an iron altar of Okawaru.
  3992 | D:5      | 3992 ||| PLANNING OKAWARU WORSHIP
  3992 | D:5      | 3992 ||| DRINKING 2 bubbling blue potions.
  4096 | D:5      | 4096 ||| READING 2 scrolls of identify.
  4096 | D:5      | 4096 ||| IDENTIFYING glowing black potion
  4097 | D:5      | 4097 ||| DROPPING potion of invisibility.
  4098 | D:5      | 4098 ||| DROPPING potion of berserk rage.
  4103 | D:5      | Became a worshipper of Warmaster Okawaru
  4103 | D:5      | 4103 ||| PLANNING D:1-11
  4107 | D:5      | Found a glowing golden altar of the Shining One.
  4171 | D:5      | Reached skill level 8 in Axes
  4257 | D:5      | Reached skill level 6 in Fighting
  4258 | D:5      | Reached * piety under Okawaru
  4259 | D:5      | 4259 ||| INVOKING Heroism.
  4260 | D:5      | HP: 11/51 [ogre/+0 giant spiked club (25)]
  4262 | D:5      | HP: 5/51 [phantom (6)]
  4269 | D:5      | Reached skill level 1 in Invocations
  4269 | D:5      | Reached XP level 9. HP: 7/55 MP: 6/9
  4539 | D:6      | 4539 ||| INVOKING Heroism.
  4540 | D:6      | 4540 ||| Stepping ~*~*~tactically~*~*~ (stealth).
  4593 | D:6      | 4593 ||| Stepping ~*~*~tactically~*~*~ (hiding).
  4595 | D:6      | 4595 ||| Stepping ~*~*~tactically~*~*~ (hiding).
  4599 | D:6      | 4599 ||| Stepping ~*~*~tactically~*~*~ (hiding).
  4684 | D:6      | 4684 ||| Stepping ~*~*~tactically~*~*~ (stealth).
  4926 | D:6      | Reached skill level 3 in Invocations
  5022 | D:6      | 5022 ||| INVOKING Heroism.
  5025 | D:6      | 5025 ||| Stepping ~*~*~tactically~*~*~ (stealth).
  5079 | D:6      | 5079 ||| Stepping ~*~*~tactically~*~*~ (stealth).
  5080 | D:6      | 5080 ||| Stepping ~*~*~tactically~*~*~ (stealth).
  5082 | D:6      | 5082 ||| Stepping ~*~*~tactically~*~*~ (stealth).
  5083 | D:6      | 5083 ||| Stepping ~*~*~tactically~*~*~ (stealth).
  5137 | D:6      | 5137 ||| INVOKING Heroism.
  5164 | D:6      | 5164 ||| INVOKING Heroism.
  5167 | D:6      | Reached skill level 9 in Axes
  5477 | D:6      | 5477 ||| READING scroll labelled GEC CONOXTAUW.
  5478 | D:6      | 5478 ||| READING 3 scrolls labelled YTHYTS XOEGGUE.
  5513 | D:6      | 5513 ||| DRINKING 3 ruby potions.
  5514 | D:6      | 5514 ||| READING 2 scrolls of identify.
  5514 | D:6      | 5514 ||| IDENTIFYING cyan potion
  5515 | D:6      | 5515 ||| DROPPING potion of ambrosia.
  5516 | D:6      | 5516 ||| DROPPING 2 scrolls of torment.
  5592 | D:7      | 5592 ||| Stepping ~*~*~tactically~*~*~ (stealth).
  5629 | D:7      | 5629 ||| INVOKING Heroism.
  5639 | D:7      | Reached ** piety under Okawaru
  5640 | D:7      | Reached XP level 10. HP: 49/64 MP: 11/13
  5711 | D:7      | 5711 ||| INVOKING Heroism.
  5786 | D:7      | Found a flagged portal.
  5788 | D:7      | 5788 ||| Stepping ~*~*~tactically~*~*~ (water).
  5814 | D:7      | 5814 ||| Stepping ~*~*~tactically~*~*~ (stealth).
  5815 | D:7      | 5815 ||| Stepping ~*~*~tactically~*~*~ (stealth).
  5822 | D:7      | 5822 ||| Stepping ~*~*~tactically~*~*~ (hiding).
  5837 | D:7      | 5837 ||| Stepping ~*~*~tactically~*~*~ (stealth).
  5845 | D:7      | 5845 ||| Stepping ~*~*~tactically~*~*~ (stealth).
  5847 | D:7      | 5847 ||| Stepping ~*~*~tactically~*~*~ (hiding).
  5848 | D:7      | 5848 ||| Stepping ~*~*~tactically~*~*~ (hiding).
  5849 | D:7      | 5849 ||| INVOKING Heroism.
  5857 | D:7      | Reached skill level 10 in Axes
  5883 | D:7      | 5883 ||| FLEEEEING.
  5884 | D:7      | 5884 ||| STAIRDANCE
  5989 | D:6      | 5989 ||| UPGRADING to ring of protection from fire.
  5990 | D:6      | 5990 ||| DRINKING 2 fizzy silvery potions.
  5996 | D:7      | 5996 ||| STAIRDANCE
  6074 | D:7      | Found a runed translucent door.
  6075 | D:7      | Noticed Crazy Yiuf
  6126 | D:7      | 6126 ||| INVOKING Heroism.
  6245 | D:7      | 6245 ||| Stepping ~*~*~tactically~*~*~ (stealth).
  6297 | D:7      | Found a staircase to the Ecumenical Temple.
  6472 | D:8      | Noticed Pikel
  6473 | D:8      | 6473 ||| PLANNING OSSUARY
  6487 | D:8      | 6487 ||| INVOKING Heroism.
  6490 | D:8      | Killed Pikel
  6692 | D:8      | 6692 ||| INVOKING Heroism.
  6704 | D:8      | Noticed Erica
  6710 | D:8      | Killed Erica
  6710 | D:8      | Reached *** piety under Okawaru
  6877 | D:8      | 6877 ||| Stepping ~*~*~tactically~*~*~ (stealth).
  6882 | D:8      | 6882 ||| Stepping ~*~*~tactically~*~*~ (stealth).
  6883 | D:8      | 6883 ||| Stepping ~*~*~tactically~*~*~ (stealth).
  6909 | D:8      | Noticed a death yak
  6910 | D:8      | 6910 ||| INVOKING Heroism.
  6922 | D:8      | Noticed a death yak
  6928 | D:8      | Noticed a death yak
  6939 | D:8      | 6939 ||| INVOKING Heroism.
  6941 | D:8      | Killed a death yak
  6942 | D:8      | Reached skill level 11 in Axes
  6945 | D:8      | Killed a death yak
  6945 | D:8      | Reached **** piety under Okawaru
  6946 | D:8      | Reached skill level 6 in Armour
  6946 | D:8      | Reached XP level 11. HP: 50/68 MP: 11/14
  6949 | D:8      | Killed a death yak
  6953 | D:8      | Reached skill level 3 in Dodging
  6976 | D:8      | 6976 ||| FLEEEEING.
  6977 | D:8      | 6977 ||| FLEEEEING.
  6978 | D:8      | 6978 ||| FLEEEEING.
  6979 | D:8      | 6979 ||| FLEEEEING.
  6981 | D:8      | 6981 ||| FLEEEEING.
  6982 | D:8      | 6982 ||| FLEEEEING.
  6983 | D:8      | 6983 ||| FLEEEEING.
  6984 | D:8      | 6984 ||| FLEEEEING.
  6985 | D:8      | 6985 ||| FLEEEEING.
  7013 | D:8      | Noticed a two-headed ogre
  7014 | D:8      | 7014 ||| INVOKING Heroism.
  7019 | D:8      | a two-headed ogre changed into a manticore
  7019 | D:8      | Noticed a manticore
  7026 | D:8      | Killed a manticore
  7274 | D:8      | 7274 ||| RIP OSSUARY
  7274 | D:8      | 7274 ||| PLANNING D:1-11
  7353 | D:8      | Found a staircase to the Lair.
  7358 | D:8      | Noticed Gastronok
  7359 | D:8      | 7359 ||| Stepping ~*~*~tactically~*~*~ (hiding).
  7360 | D:8      | 7360 ||| Stepping ~*~*~tactically~*~*~ (hiding).
  7370 | D:8      | 7370 ||| INVOKING Heroism.
  7383 | D:8      | Slain by Gastronok

Levels and vault maps discovered:
D:1:      amcnicky_arrival_abandoned_market, layout_loops_ring,
          hellmonk_ecumenical_altar_run_dry, chequers_arboretum,
          skrybe_limestone_x, nicolae_shop_unique_rings
D:2:      layout_basic
D:3:      layout_rooms, uniq_jessica
D:4:      layout_basic, nicolae_sif_muna_little_library,
          mainiacjoe_overflow_concentric_impassable, uniq_grinder
D:5:      minmay_clustersquares, layout_cave_pools,
          grunt_temple_overflow_diamond
D:6:      wad_river_or_something, layout_gridville, hangedman_decor_push,
          roderic_filled_cross
D:7:      layout_gridville, minmay_temple_entry_butterflies, enter_bailey_3,
          item_on_display_a, uniq_crazy_yiuf_cottage
D:8:      layout_loops_ring, nicolae_overflow_crystal_walls, dpeg_lair_monsters,
          enter_ossuary_2, uniq_pikel, uniq_erica, uniq_gastronok

Skill      XL: |  1  2  3  4  5  6  7  8  9 10 11 |
---------------+----------------------------------+-----
Axes           | 2 3 4 5 6 7 8 9 11 | 11.4
Dodging        | 1 2 3 |  3.0
Fighting       | 4 5 6 7 8 |  8.3
Throwing       | 1 |  1.5
Armour         | 4 5 6 |  6.5
Invocations    | 1 4 5 |  5.5
Shields        | 4 5 |  5.9

Action                     |  1- 3 |  4- 6 |  7- 9 | 10-12 || total
---------------------------+-------+-------+-------+-------++-------
  Melee: War axe           |   104 |    98 |   236 |   176 ||   614
 Invoke: Heroism           |       |       |     6 |     9 ||    15
    Use: Scroll            |     2 |     6 |     7 |       ||    15
         Potion            |       |     2 |     2 |     1 ||     5
   Stab: Petrifying        |       |       |     1 |     2 ||     3
         Distracted        |       |       |     1 |       ||     1
         Paralysed         |       |       |     1 |     1 ||     2
         Petrified         |       |       |       |     2 ||     2
 Armour: Scale mail        |    50 |    30 |       |       ||    80
         Chain mail        |       |    15 |   156 |    76 ||   247
  Dodge: Dodged            |    40 |    40 |   118 |    70 ||   268
  Block: Buckler           |    21 |    16 |    51 |    34 ||   122

Table legend:
 A = Non-vault XP
 B = Vault XP
 C = Vault XP percentage of total XP
 D = Non-vault monster count
 E = Vault monster count
 F = Vault count percentage of total count
                 A         B        C        D         E       F
            +---------+---------+-------+---------+---------+-------
      Total |    5098 |    6244 |  55.1 |     155 |      36 |  18.8
            +---------+---------+-------+---------+---------+-------
        D:1 |      35 |       0 |   0.0 |      22 |       0 |   0.0
        D:2 |      70 |       0 |   0.0 |      17 |       0 |   0.0
        D:3 |     149 |      37 |  19.9 |      20 |       1 |   4.8
        D:4 |      82 |     272 |  76.8 |      12 |       1 |   7.7
        D:5 |     915 |     830 |  47.6 |      26 |      13 |  33.3
        D:6 |     554 |     518 |  48.3 |      18 |       9 |  33.3
        D:7 |    2321 |       8 |   0.3 |      30 |       4 |  11.8
        D:8 |     972 |    4579 |  82.5 |      10 |       8 |  44.4
            +---------+---------+-------+---------+---------+-------
